[Event "January 9 Late 2024"]
[Site "https://www.chess.com"]
[Date "2024.01.09"]
[Round "5"]
[White "Smirnov, Anton"]
[Black "Banerjee, Supratit"]
[Result "1-0"]
[Board "65"]
[TimeControl "180+1"]
[WhiteFideId "3208923"]
[BlackFideId "2410079"]
[WhiteElo "2923"]
[BlackElo "2584"]
[WhiteTeam "AUS"]
[BlackTeam "SCO"]
[WhiteClock "0:01:48"]
[BlackClock "0:01:06"]

1. e4 e6 2. d4 d5 3. Nc3 dxe4 4. Nxe4 Nd7 5. Nf3 Ngf6 6. Bg5 Be7 7. Nxf6+ Nxf6 8. c3 O-O 9. Bd3 h6 10. Bh4 Nd5 11. Bxe7 Qxe7 12. O-O b6 13. Ne5 Bb7 14. Qg4 f5 15. Qg3 Rf6 16. Rfe1 Rd8 17. Bc4 c5 18. Rad1 f4 19. Qh4 Qf8 20. Ng4 Rg6 21. Bd3 Rg5 22. Rxe6 cxd4 23. Rxh6 gxh6 24. Nxh6+ Kh8 25. Nf5+ Kg8 26. Qxg5+ Kh8 27. Qh5+ Kg8 28. Nh6+ Kh8 29. Nf7+ Kg7 30. Qg6# 1-0

[Event "January 9 Late 2024"]
[Site "https://www.chess.com"]
[Date "2024.01.09"]
[Round "5"]
[White "Mendez Fortes, Eduardo Jesus"]
[Black "Pakleza, Zbigniew"]
[Result "0-1"]
[Board "66"]
[TimeControl "180+1"]
[WhiteFideId "3502376"]
[BlackFideId "1119290"]
[WhiteElo "2566"]
[BlackElo "2868"]
[WhiteTeam "CUB"]
[BlackTeam "POL"]
[WhiteClock "0:00:02"]
[BlackClock "0:00:02"]

1. e4 d6 2. d4 Nf6 3. Nc3 c6 4. f4 Qb6 5. e5 Nd5 6. Nxd5 cxd5 7. c3 Bf5 8. Bd3 g6 9. Bxf5 gxf5 10. Nf3 e6 11. O-O Nc6 12. Re1 Be7 13. Qd3 O-O-O 14. b3 Kb8 15. Be3 Rc8 16. Bf2 Rc7 17. Rec1 Rhc8 18. Qd2 dxe5 19. fxe5 Ba3 20. Rd1 Ne7 21. c4 Qb4 22. Qxb4 Bxb4 23. c5 Ba3 24. Be1 Nc6 25. Rab1 Bb4 26. Bxb4 Nxb4 27. a3 Nc2 28. a4 Nb4 29. Rbc1 Rg8 30. Rc3 Rcc8 31. Kf2 Rg4 32. Ng1 Rcg8 33. Rg3 h5 34. Rxg4 hxg4 35. Ne2 Kc7 36. Nf4 Kd7 37. h4 gxh3 38. gxh3 Rh8 39. Kf3 Ke7 40. Rh1 Nc2 41. Ne2 Rh4 42. Kf2 Nxd4 43. Nxd4 Rxd4 44. h4 Kf8 45. h5 Kg7 46. Rg1+ Kh6 47. Rg8 Kxh5 48. Rf8 Rb4 49. Rxf7 Kg5 50. a5 Rxb3 51. a6 bxa6 52. Rxa7 Kf4 53. Rxa6 Kxe5 54. c6 Rc3 55. Ke2 f4 56. Kd2 Rc4 57. Kd3 Kf5 58. Rb6 e5 59. Rb5 Rxc6 60. Rxd5 Ra6 61. Rd8 Ra3+ 62. Ke2 Ke4 63. Rb8 Ra2+ 64. Kf1 Kf3 65. Rb3+ Kg4 66. Rb8 e4 67. Rb3 e3 68. Rb1 Kf3 69. Kg1 e2 70. Rb3+ Kg4 71. Kf2 f3 72. Rb4+ Kh3 73. Rb8 Ra1 74. Rh8+ Kg4 75. Rg8+ Kh5 76. Rh8+ Kg6 77. Rg8+ Kf7 78. Rg1 Rxg1 0-1

[Event "January 9 Late 2024"]
[Site "https://www.chess.com"]
[Date "2024.01.09"]
[Round "5"]
[White "Leenhouts, Koen"]
[Black "Schroeder, Jan-Christian"]
[Result "0-1"]
[Board "67"]
[TimeControl "180+1"]
[WhiteFideId "1008439"]
[BlackFideId "24662259"]
[WhiteElo "2558"]
[BlackElo "2836"]
[WhiteTeam "NED"]
[BlackTeam "GER"]
[WhiteClock "0:00:00"]
[BlackClock "0:00:34"]

1. d4 Nf6 2. c4 c5 3. d5 e6 4. Nc3 exd5 5. cxd5 d6 6. e4 g6 7. Nge2 Bg7 8. Ng3 O-O 9. Be2 h5 10. O-O h4 11. Nh1 Re8 12. f3 Nh5 13. Nf2 a6 14. a4 Bd4 15. Bd3 Nd7 16. Ne2 Bg7 17. f4 Rb8 18. e5 dxe5 19. f5 e4 20. Nxe4 Ne5 21. fxg6 fxg6 22. d6 Bf5 23. Bg5 Qb6 24. a5 Qxb2 25. Bc2 Nd7 26. Rb1 Qe5 27. N2c3 h3 28. Be7 Qd4+ 29. Kh1 hxg2+ 30. Kxg2 Qxd1 31. Rbxd1 Bxc3 32. Bb3+ Kg7 33. Nxc3 b5 34. axb6 Rxb6 35. Ba4 Rb7 36. Kg1 Rc8 37. Nd5 c4 38. Ne3 Be6 39. Bc2 c3 40. Rfe1 Nf4 41. Ng2 Nh3+ 42. Kh1 Nf2+ 43. Kg1 Nh3+ 44. Kh1 Bg4 45. Rd4 Rb2 46. Rxg4 Nf2+ 47. Kg1 Nxg4 48. Bxg6 Kxg6 49. Nf4+ Kf7 0-1

[Event "January 9 Late 2024"]
[Site "https://www.chess.com"]
[Date "2024.01.09"]
[Round "5"]
[White "Martin Barcelo, Carles"]
[Black "Ghasi, Ameet K"]
[Result "0-1"]
[Board "68"]
[TimeControl "180+1"]
[WhiteFideId "24561444"]
[BlackFideId "409200"]
[WhiteElo "2534"]
[BlackElo "2760"]
[WhiteTeam "ESP"]
[BlackTeam "ENG"]
[WhiteClock "0:00:51"]
[BlackClock "0:01:27"]

1. e4 d6 2. Nc3 g6 3. f4 Bg7 4. Nf3 e6 5. g3 Ne7 6. Bg2 O-O 7. O-O c5 8. d3 Nbc6 9. Be3 Nd4 10. Ne2 Nxf3+ 11. Bxf3 Bxb2 12. Rb1 Bg7 13. e5 dxe5 14. Bxc5 exf4 15. Nxf4 Qc7 16. Bf2 Nf5 17. c4 Nd4 18. Bg2 Rb8 19. Be4 b6 20. Kg2 f5 21. Bxd4 Bxd4 22. Bf3 g5 23. Nd5 exd5 24. Bxd5+ Kh8 25. Qh5 Qg7 26. Rbe1 Bf6 27. Re8 Bd7 28. Rxb8 Rxb8 29. Re1 Qg6 30. Qf3 Re8 31. Re2 Rxe2+ 32. Qxe2 Qe8 33. Qf3 Kg7 34. h3 h5 35. Qf2 Qe5 36. Qf3 Qb2+ 37. Qf2 Qxf2+ 38. Kxf2 Bd4+ 39. Kf3 Kf6 40. Bb7 g4+ 41. hxg4 fxg4+ 42. Kg2 Bf5 0-1

[Event "January 9 Late 2024"]
[Site "https://www.chess.com"]
[Date "2024.01.09"]
[Round "5"]
[White "Stojanovski, Sandi"]
[Black "Kozak, Antoni"]
[Result "0-1"]
[Board "69"]
[TimeControl "180+1"]
[WhiteFideId "1403249"]
[BlackFideId "21832030"]
[WhiteElo "2526"]
[BlackElo "2754"]
[WhiteTeam "DEN"]
[BlackTeam "POL"]
[WhiteClock "0:00:00"]
[BlackClock "0:02:42"]

1. c4 Nf6 2. Nc3 g6 3. d4 Bg7 4. e4 O-O 5. Nf3 d6 6. Be2 a5 7. O-O Nc6 8. d5 Nb4 9. a3 Na6 10. Be3 e5 11. b4 Ng4 12. Bg5 f6 13. Bd2 f5 14. Ng5 Nf6 15. f3 h6 16. Nh3 f4 17. Nf2 g5 18. Qb3 h5 19. c5 g4 20. cxd6 cxd6 21. Nd3 h4 22. fxg4 Bxg4 23. Bxg4 Nxg4 24. h3 Qb6+ 25. Kh1 Nf6 26. Nf2 Nh5 27. Ng4 Ng3+ 28. Kh2 axb4 29. axb4 Qxb4 30. Qxb4 Nxf1+ 31. Rxf1 Nxb4 32. Nb5 Nd3 33. Nxd6 Ra2 0-1

[Event "January 9 Late 2024"]
[Site "https://www.chess.com"]
[Date "2024.01.09"]
[Round "5"]
[White "Shohat, Yotam"]
[Black "Timmermans, Mark"]
[Result "0-1"]
[Board "70"]
[TimeControl "180+1"]
[WhiteFideId "2813955"]
[BlackFideId "1026399"]
[WhiteElo "2487"]
[BlackElo "2747"]
[WhiteTeam "ISR"]
[BlackTeam "NED"]
[WhiteClock "0:00:03"]
[BlackClock "0:01:16"]

1. e4 e5 2. Nf3 Nc6 3. Bc4 Nf6 4. d3 Be7 5. Nc3 O-O 6. a4 d6 7. h3 Kh8 8. a5 a6 9. O-O Ng8 10. d4 f5 11. dxe5 fxe4 12. Nxe4 Rxf3 13. Qxf3 Nxe5 14. Qb3 Nxc4 15. Qxc4 d5 16. Qd3 dxe4 17. Qxe4 Nf6 18. Qf3 Qd5 19. Qe2 Bd6 20. Rd1 Qe6 21. Qxe6 Bxe6 22. Bg5 Ne4 23. Be3 Kg8 24. Ra4 Nf6 25. Bf4 Bxf4 26. Rxf4 Kf7 27. g4 Ke7 28. Re1 h6 29. Rb4 Rb8 30. f4 Kf7 31. Rd4 g6 32. c4 h5 33. g5 Ng8 34. h4 Re8 35. Kf2 Ne7 36. b4 Nc6 37. Rde4 Nxb4 38. Rb1 c5 39. Ke3 Bxc4 40. Rxe8 Kxe8 41. Rc1 Be6 42. Rxc5 Nc6 43. Ke4 Kd7 44. Ke3 Kd6 45. Rc1 Nxa5 46. Rb1 Nb3 47. Rd1+ Ke7 48. Ke4 Nc5+ 49. Ke5 Nd7+ 50. Kd4 a5 51. Rb1 b6 52. Rb2 a4 53. Rb4 a3 54. Ra4 a2 55. Ra7 Kd6 56. f5 gxf5 57. g6 f4 58. Ke4 Ke7 59. g7 Kf7 60. Kxf4 Kxg7 61. Kg5 b5 62. Kxh5 b4 63. Kg5 b3 64. h5 b2 65. h6+ Kh7 66. Kh5 0-1

[Event "January 9 Late 2024"]
[Site "https://www.chess.com"]
[Date "2024.01.09"]
[Round "5"]
[White "Gavrilov, Maxim"]
[Black "Agibileg, Uurtsaikh"]
[Result "0-1"]
[Board "71"]
[TimeControl "180+1"]
[WhiteFideId "24271454"]
[BlackFideId "4901606"]
[WhiteElo "2479"]
[BlackElo "2720"]
[WhiteTeam "RUS"]
[BlackTeam "MGL"]
[WhiteClock "0:00:13"]
[BlackClock "0:01:37"]

1. d4 Nf6 2. c4 e6 3. Bf4 b6 4. e3 Bb7 5. Nc3 Bb4 6. Ne2 O-O 7. a3 Bxc3+ 8. Nxc3 d5 9. cxd5 exd5 10. Bd3 c5 11. O-O Nc6 12. Rc1 h6 13. dxc5 bxc5 14. Nb5 c4 15. Bf5 Bc8 16. Bb1 Bg4 17. Qd2 Qb6 18. Nc3 Rad8 19. h3 Bh5 20. Ne2 Ne4 21. Bxe4 dxe4 22. Qc2 Bxe2 23. Qxe2 Na5 24. Be5 Rd3 25. Qg4 Qg6 26. Qxg6 fxg6 27. Bd6 Rxd6 28. Rcd1 Rd3 29. Rc1 Rd2 0-1

[Event "January 9 Late 2024"]
[Site "https://www.chess.com"]
[Date "2024.01.09"]
[Round "5"]
[White "Musalov, Ruslan"]
[Black "Hambleton, Aman"]
[Result "0-1"]
[Board "72"]
[TimeControl "180+1"]
[WhiteFideId "4141490"]
[BlackFideId "2606577"]
[WhiteElo "2471"]
[BlackElo "2710"]
[WhiteTeam "RUS"]
[BlackTeam "CAN"]
[WhiteClock "0:00:00"]
[BlackClock "0:00:05"]

1. e4 b6 2. d4 Bb7 3. Bd3 e6 4. Nf3 d5 5. Nbd2 Nf6 6. e5 Ne4 7. O-O Be7 8. c3 Qd7 9. Qe2 Nxd2 10. Bxd2 c5 11. a4 c4 12. Bc2 Nc6 13. Bg5 Na5 14. Rfb1 Bc6 15. Bxe7 Qxe7 16. Nd2 h6 17. f4 g6 18. b4 cxb3 19. Nxb3 Nxb3 20. Bxb3 O-O 21. a5 Rab8 22. Bc2 Qc7 23. axb6 Rxb6 24. Rxb6 Qxb6 25. Bd3 a5 26. Qc2 Kg7 27. Rb1 Qc7 28. Qb2 Ra8 29. g4 Qe7 30. f5 gxf5 31. gxf5 exf5 32. Kh1 Kh8 33. Qb6 Qe8 34. Rg1 a4 35. Qc7 Rc8 36. Qd6 Qe6 37. Qc5 Rg8 38. Rxg8+ Kxg8 39. Qa7 f4 40. Qb8+ Kg7 41. Qd8 Qg4 42. Qf6+ Kg8 43. Qd8+ Kg7 44. Qf6+ Kf8 45. Qd8+ Be8 46. Bb5 Qf3+ 47. Kg1 Qg4+ 48. Kh1 Qe6 49. Bxa4 f6 50. Qxe8+ Qxe8 51. Bxe8 Kxe8 52. exf6 Kf7 53. Kg2 Kxf6 54. Kf3 Kg5 55. h4+ Kf5 56. h5 Kg5 57. c4 dxc4 58. d5 c3 59. d6 Kf6 60. d7 Ke7 61. Kxf4 c2 62. Ke3 c1=Q+ 0-1

[Event "January 9 Late 2024"]
[Site "https://www.chess.com"]
[Date "2024.01.09"]
[Round "5"]
[White "Sieciechowicz, Marcin"]
[Black "Nilsen, Tobias Lang"]
[Result "1-0"]
[Board "73"]
[TimeControl "180+1"]
[WhiteFideId "1130170"]
[BlackFideId "1521624"]
[WhiteElo "2691"]
[BlackElo "2472"]
[WhiteTeam "POL"]
[BlackTeam "NOR"]
[WhiteClock "0:00:27"]
[BlackClock "0:00:14"]

1. d4 Nf6 2. Nc3 d5 3. Bf4 a6 4. e3 Bg4 5. Qd2 e6 6. Bd3 Nbd7 7. f3 Bf5 8. g4 Bxd3 9. Qxd3 c5 10. Nge2 cxd4 11. exd4 Rc8 12. h4 Nb6 13. b3 Ba3 14. h5 h6 15. O-O Bd6 16. Bxd6 Qxd6 17. Kg2 Nbd7 18. a4 e5 19. Rae1 O-O 20. Ng3 exd4 21. Qxd4 Qc5 22. Nce2 Qxd4 23. Nxd4 Rfe8 24. Ngf5 Rxe1 25. Rxe1 Re8 26. Rxe8+ Nxe8 27. Ne7+ Kf8 28. Nxd5 Nd6 29. Kf2 g6 30. Nf4 Ne5 31. Ke3 Ke7 32. c4 gxh5 33. Nxh5 Nd7 34. Nf4 Nc5 35. Nd5+ Kf8 36. a5 Nd7 37. Kd3 Nc5+ 38. Kc3 Nd7 39. b4 f5 40. c5 fxg4 41. cxd6 g3 42. Ne2 g2 43. Ne3 Kf7 44. Nxg2 Ke6 45. Ne3 Kxd6 46. Nf5+ Kd5 47. Nxh6 Nf6 48. Ng4 Nd7 49. Nf4+ Kc6 50. Nd3 b6 51. Nge5+ Nxe5 52. Nxe5+ Kb5 53. axb6 Kxb6 54. Nc4+ Kc7 55. Kd4 Kc6 56. f4 Kb5 57. f5 Kxb4 58. f6 a5 59. Nxa5 Kxa5 60. f7 Kb5 61. f8=Q Kc6 62. Qc5+ Kb7 63. Qd6 Ka7 64. Kc5 Kb7 65. Qe6 Kc7 66. Qe7+ Kc8 1-0

[Event "January 9 Late 2024"]
[Site "https://www.chess.com"]
[Date "2024.01.09"]
[Round "5"]
[White "Annaberdiyev, Meylis"]
[Black "Morales Garcia, Sergio Joshafatt"]
[Result "1-0"]
[Board "74"]
[TimeControl "180+1"]
[WhiteFideId "14000563"]
[BlackFideId "5106249"]
[WhiteElo "2672"]
[BlackElo "2470"]
[WhiteTeam "TKM"]
[BlackTeam "MEX"]
[WhiteClock "0:00:04"]
[BlackClock "0:00:00"]

1. e4 c5 2. Nf3 e6 3. d3 Nc6 4. g3 d5 5. Nbd2 g6 6. Bg2 Bg7 7. O-O Nge7 8. Re1 O-O 9. e5 Qc7 10. Qe2 b5 11. Nf1 a5 12. h4 Ba6 13. N1h2 h5 14. g4 hxg4 15. Nxg4 Nf5 16. Bg5 b4 17. Qd2 Ncd4 18. Nf6+ Kh8 19. Nxd4 cxd4 20. Bf3 Rac8 21. Rac1 a4 22. Kg2 b3 23. cxb3 Qb8 24. h5 Rxc1 25. Rxc1 Qxe5 26. Nd7 Ne3+ 27. Qxe3 dxe3 28. Nxe5 Bxe5 29. Bxe3 Bxb2 30. Rh1 g5 31. d4 a3 32. Rd1 f6 33. Kg3 Kh7 34. Bg2 Kh6 35. f4 Be2 36. Re1 Bxh5 37. Rh1 Kg6 38. Bh3 gxf4+ 39. Bxf4 Kf7 40. Bxe6+ Kxe6 41. Rxh5 Rc8 42. Rh2 Rc3+ 43. Kg4 Rd3 44. Re2+ Kd7 45. Kf5 Rxd4 46. Rg2 Rd1 47. Rg7+ Kc6 48. Rc7+ Kb6 49. Rc2 Ra1 50. Ke6 d4 51. Kd5 d3 52. Be3+ Kb7 53. Rg2 Rxa2 54. Rg7+ 1-0

[Event "January 9 Late 2024"]
[Site "https://www.chess.com"]
[Date "2024.01.10"]
[Round "5"]
[White "Hoeffer, David"]
[Black "Lizak, Peter"]
[Result "1/2-1/2"]
[Board "75"]
[TimeControl "180+1"]
[WhiteFideId "24606766"]
[BlackFideId "731595"]
[WhiteElo "2452"]
[BlackElo "2637"]
[WhiteTeam "GER"]
[BlackTeam "HUN"]
[WhiteClock "0:00:15"]
[BlackClock "0:00:15"]

1. e4 c6 2. Nc3 d5 3. Qf3 dxe4 4. Nxe4 Nf6 5. Nxf6+ gxf6 6. c3 Qd5 7. d4 h5 8. Bf4 Bg4 9. Qxd5 cxd5 10. Bd3 Nc6 11. h3 Bd7 12. Nf3 Rg8 13. g3 O-O-O 14. Kd2 Re8 15. Rae1 Bg7 16. Bh7 Rh8 17. Bc2 e5 18. Be3 e4 19. Nh4 f5 20. Bf4 Bf6 21. Ng2 h4 22. Ne3 Be6 23. b4 Ne7 24. Bb3 Rd8 25. a4 Ng6 26. Ng2 Nxf4 27. Nxf4 Bg5 28. Ke3 Rdg8 29. Reg1 Kd7 30. Ke2 Kd6 31. Ke3 Rc8 32. Rc1 Bh6 33. Rc2 Rhg8 34. Rg1 Rg7 35. f3 hxg3 36. Rgg2 Rcg8 37. c4 dxc4 38. Bxc4 Bxc4 39. Rxc4 Rg5 40. Rc5 Rh5 41. Rd5+ Ke7 42. fxe4 Rxh3 43. Rxf5 Rh2 44. Kf3 Bxf4 45. Rxf4 Rh1 46. Rf5 Rf1+ 47. Ke2 Rb1 48. Rf3 Rb2+ 49. Kf1 Rb1+ 50. Ke2 Rb2+ 51. Kf1 Rxb4 52. Rgxg3 Rxg3 53. Rxg3 Rxd4 54. Rb3 b6 55. a5 bxa5 56. Rb7+ Ke6 57. Rxa7 a4 58. Ke2 Rxe4+ 59. Kf3 Rb4 60. Ke3 Kf6 61. Kd3 Kg6 62. Kc3 Rg4 63. Kd3 f6 64. Ke3 Kg5 65. Kf3 Rf4+ 66. Kg3 Rb4 67. Kf3 Rb3+ 68. Ke4 a3 69. Ra5+ Kg6 70. Kf4 Rh3 71. Kg4 Rb3 72. Kf4 Kf7 73. Ke4 Ke7 74. Kd4 Ke6 75. Kc4 Rh3 76. Kd4 Kf7 77. Ke4 Kg6 78. Kf4 Rb3 79. Kg4 Rb4+ 80. Kf3 Rb3+ 81. Kf4 1/2-1/2

[Event "January 9 Late 2024"]
[Site "https://www.chess.com"]
[Date "2024.01.09"]
[Round "5"]
[White "Janaszak, Dawid"]
[Black "Buchenau, Frank"]
[Result "1-0"]
[Board "76"]
[TimeControl "180+1"]
[WhiteFideId "1119206"]
[BlackFideId "4604350"]
[WhiteElo "2637"]
[BlackElo "2424"]
[WhiteTeam "POL"]
[BlackTeam "GER"]
[WhiteClock "0:00:03"]
[BlackClock "0:00:00"]

1. e4 e6 2. b3 c5 3. Bb2 Nf6 4. e5 Nd5 5. Qf3 Nc6 6. Qg3 d6 7. exd6 Qxd6 8. Qxd6 Bxd6 9. Bxg7 Rg8 10. Bb2 Ncb4 11. Na3 Bd7 12. c3 Nc6 13. O-O-O O-O-O 14. Nc4 Bc7 15. g3 b5 16. Ne3 Nxe3 17. dxe3 Ne5 18. Bg2 c4 19. bxc4 bxc4 20. Nh3 Nd3+ 21. Kb1 Ba4 22. Rd2 Ba5 23. Nf4 Nxf4 24. Rxd8+ Rxd8 25. gxf4 Rd2 26. Be4 f5 27. Ba8 Kb8 28. Bg2 Rxf2 29. Rg1 Bb6 30. Bc1 Bc2+ 31. Ka1 Bd3 32. h4 Kc7 33. h5 h6 34. Bh1 Rc2 35. Bb2 Bxe3 36. Rg7+ Kb6 37. Re7 Rh2 38. Rxe6+ Kc7 39. Bd5 Rh1+ 40. Bxh1 Bxf4 41. Re7+ Kd6 42. Rxa7 Bg5 43. Ra6+ Ke5 44. Ra5+ Kf4 45. Bc1+ Kg4 46. Bb2 f4 47. Bd5 f3 48. Bxf3+ Kxf3 49. a4 Kg4 50. Rc5 Kxh5 51. a5 Kg4 52. a6 Be3 53. Rc6 h5 54. a7 Bxa7 55. Rc7 Be3 56. Ba3 h4 57. Rg7+ Kf3 58. Be7 Bf2 59. Bd6 Bg3 60. Be7 Ke3 61. Rf7 Ke4 62. Bf6 h3 63. Rh7 1-0

[Event "January 9 Late 2024"]
[Site "https://www.chess.com"]
[Date "2024.01.09"]
[Round "5"]
[White "Kraiouchkine, Nikita"]
[Black "Mokshanov, Alexey"]
[Result "1-0"]
[Board "77"]
[TimeControl "180+1"]
[WhiteFideId "2607140"]
[BlackFideId "24121657"]
[WhiteElo "2623"]
[BlackElo "2621"]
[WhiteTeam "CAN"]
[BlackTeam "RUS"]
[WhiteClock "0:00:05"]
[BlackClock "0:00:00"]

1. e4 e6 2. d4 d5 3. e5 c5 4. c3 Nc6 5. Nf3 Qb6 6. a3 c4 7. Nbd2 Na5 8. b4 cxb3 9. Bb2 Bd7 10. c4 dxc4 11. Nxc4 Nxc4 12. Bxc4 Ne7 13. Bxb3 Bb5 14. Ng5 h6 15. Ne4 Nf5 16. d5 Bc5 17. Nxc5 Qxc5 18. dxe6 Rd8 19. exf7+ Ke7 20. Qg4 Rd2 21. Kxd2 Qxf2+ 22. Kc1 Qe3+ 23. Kb1 Qxb3 24. Qb4+ Qxb4 25. axb4 Kxf7 26. Rxa7 Ke6 27. Rxb7 Bd3+ 28. Kc1 Be4 29. Rb6+ Kd5 30. Rd1+ Kc4 31. g4 Kb3 32. gxf5 Rc8+ 33. Kd2 Kxb2 34. f6 gxf6 35. Rxf6 Kb3 36. Ke3 Bc2 37. Rd4 Kc3 38. Rdd6 Kxb4 39. Rc6 1-0

[Event "January 9 Late 2024"]
[Site "https://www.chess.com"]
[Date "2024.01.09"]
[Round "5"]
[White "Sohier, Julien"]
[Black "Carlsen, Magnus"]
[Result "0-1"]
[Board "78"]
[TimeControl "180+1"]
[WhiteFideId "645346"]
[BlackFideId "1503014"]
[WhiteElo "2362"]
[BlackElo "3359"]
[WhiteTeam "FRA"]
[BlackTeam "NOR"]
[WhiteClock "0:00:57"]
[BlackClock "0:00:21"]

1. e4 c5 2. Nc3 a6 3. Nf3 b5 4. g3 Nf6 5. e5 Ng4 6. h3 Nh6 7. Bg2 Bb7 8. O-O e6 9. Re1 Nc6 10. d4 Nxd4 11. Nxd4 Bxg2 12. Kxg2 cxd4 13. Qxd4 Nf5 14. Qf4 Rc8 15. a4 b4 16. Nd5 Rxc2 17. Nxb4 Qa8+ 18. Kg1 Bxb4 19. Qxb4 a5 20. Qb3 Nd4 0-1

[Event "January 9 Late 2024"]
[Site "https://www.chess.com"]
[Date "2024.01.09"]
[Round "5"]
[White "Silvestre, Christian"]
[Black "Tari, Aryan"]
[Result "0-1"]
[Board "79"]
[TimeControl "180+1"]
[WhiteFideId "30956269"]
[BlackFideId "1510045"]
[WhiteElo "2309"]
[BlackElo "2894"]
[WhiteTeam "USA"]
[BlackTeam "NOR"]
[WhiteClock "0:00:11"]
[BlackClock "0:01:12"]

1. e4 a6 2. d4 e6 3. Nf3 d5 4. exd5 exd5 5. h3 Bd6 6. Bd3 Ne7 7. O-O O-O 8. Re1 Nbc6 9. c3 Bf5 10. Bg5 f6 11. Be3 Qd7 12. Bxf5 Nxf5 13. Nbd2 Rae8 14. Nf1 g5 15. N3h2 Nce7 16. Qf3 c6 17. Bd2 Bxh2+ 18. Nxh2 Nd6 19. Qg4 Qxg4 20. Nxg4 Kf7 21. f3 h5 22. Nf2 Nef5 23. Kh2 Nc4 24. Rad1 Nxd2 25. Rxe8 Nxf3+ 26. gxf3 Rxe8 27. Rd2 Re3 28. f4 gxf4 29. Nd3 f3 30. Nf4 Re4 31. Nxh5 Re2+ 32. Rxe2 fxe2 0-1

[Event "January 9 Late 2024"]
[Site "https://www.chess.com"]
[Date "2024.01.09"]
[Round "5"]
[White "Play, Gilles"]
[Black "Maksimovic, Bojan"]
[Result "0-1"]
[Board "80"]
[TimeControl "180+1"]
[WhiteFideId "45130892"]
[BlackFideId "14408120"]
[WhiteElo "2521"]
[BlackElo "2837"]
[WhiteTeam "FRA"]
[BlackTeam "BIH"]
[WhiteClock "0:00:25"]
[BlackClock "0:01:48"]

1. e4 a6 2. d4 e6 3. Nf3 d5 4. e5 c5 5. c3 Bd7 6. Bd3 cxd4 7. cxd4 Bb5 8. Bc2 Bb4+ 9. Nc3 a5 10. Bd2 Bxc3 11. Bxc3 Nc6 12. h4 Nge7 13. h5 h6 14. Qd2 a4 15. g4 Na5 16. g5 Nc4 17. Qf4 a3 18. b3 Nb2 19. gxh6 Rxh6 20. Ng5 Nf5 21. Bxf5 exf5 22. Qxf5 Qc7 23. e6 Qxc3# 0-1

[Event "January 9 Late 2024"]
[Site "https://www.chess.com"]
[Date "2024.01.09"]
[Round "5"]
[White "Lobanov, Sergei"]
[Black "Tissir, Mohamed"]
[Result "1-0"]
[Board "81"]
[TimeControl "180+1"]
[WhiteFideId "24183750"]
[BlackFideId "9000240"]
[WhiteElo "2829"]
[BlackElo "2519"]
[WhiteTeam "FID"]
[BlackTeam "MAR"]
[WhiteClock "0:02:05"]
[BlackClock "0:00:04"]

1. c4 Nf6 2. g3 g6 3. Bg2 Bg7 4. Nf3 O-O 5. O-O d6 6. d4 a6 7. Nc3 Nc6 8. e4 Bg4 9. Be3 Nd7 10. Ne2 e5 11. d5 Ne7 12. Nd2 Bxe2 13. Qxe2 f5 14. f3 f4 15. Bf2 h5 16. Bh3 fxg3 17. hxg3 Nf6 18. c5 g5 19. Be6+ Kh7 20. Nc4 Ng6 21. Ne3 g4 22. Nf5 gxf3 23. Qxf3 Ng4 24. Be3 Rf6 25. Qh1 h4 26. Qf3 Nxe3 27. Qh5+ 1-0

[Event "January 9 Late 2024"]
[Site "https://www.chess.com"]
[Date "2024.01.09"]
[Round "5"]
[White "Lagarde, Maxime"]
[Black "Avramidou, Anastasia"]
[Result "1-0"]
[Board "82"]
[TimeControl "180+1"]
[WhiteFideId "662399"]
[BlackFideId "4239873"]
[WhiteElo "2828"]
[BlackElo "2518"]
[WhiteTeam "FRA"]
[BlackTeam "GRE"]
[WhiteClock "0:00:48"]
[BlackClock "0:00:02"]

1. d4 Nf6 2. c4 g6 3. Nc3 Bg7 4. e4 d6 5. h3 c5 6. d5 O-O 7. Bd3 e6 8. Nge2 exd5 9. exd5 Nbd7 10. Bg5 Ne5 11. O-O h6 12. Bf4 Re8 13. Rc1 a6 14. Ng3 Bd7 15. Be2 Rb8 16. Qd2 g5 17. Be3 Ng6 18. Bd3 b5 19. b3 Qa5 20. Nf5 Bxf5 21. Bxf5 bxc4 22. Bxg6 fxg6 23. bxc4 Nd7 24. Qc2 Ne5 25. Ne4 Qd8 26. f4 gxf4 27. Bxf4 Rb2 28. Qd1 Rf8 29. Rc2 Rxc2 30. Qxc2 g5 31. Bxe5 Rxf1+ 32. Kxf1 Bxe5 33. Qf2 Qd7 34. g4 Qa4 35. Qe2 Qb4 36. Kg2 Qb1 37. Nxc5 dxc5 38. Qxe5 Qxa2+ 39. Kf3 Qb3+ 40. Ke4 Qxc4+ 41. Kf5 Qd3+ 42. Kf6 Qf3+ 43. Kg6 Qf7+ 44. Kxh6 Qh7+ 45. Kxg5 Qg7+ 46. Kf5 Qxe5+ 47. Kxe5 Kf7 48. g5 a5 49. d6 a4 50. g6+ Kxg6 51. d7 1-0

[Event "January 9 Late 2024"]
[Site "https://www.chess.com"]
[Date "2024.01.09"]
[Round "5"]
[White "Seemann, Jakub"]
[Black "Espinoza Palomino, Willyam"]
[Result "1-0"]
[Board "83"]
[TimeControl "180+1"]
[WhiteFideId "21874697"]
[BlackFideId "3804852"]
[WhiteElo "2818"]
[BlackElo "2518"]
[WhiteTeam "POL"]
[BlackTeam "PER"]
[WhiteClock "0:01:18"]
[BlackClock "0:00:03"]

1. c4 e5 2. Nc3 Nf6 3. e3 d5 4. cxd5 Nxd5 5. Nf3 Nxc3 6. bxc3 Bd6 7. d4 exd4 8. cxd4 O-O 9. Bd3 Nd7 10. O-O Re8 11. h3 Nf6 12. Bb2 c6 13. Qc2 h6 14. Rfc1 Be6 15. a4 Nd5 16. Bf5 Nb4 17. Qb1 Bxf5 18. Qxf5 Qe7 19. a5 Qe6 20. Qb1 Rab8 21. Ba3 Nd5 22. Bxd6 Qxd6 23. Ne5 f6 24. Nc4 Qe7 25. Qb3 Kh8 26. Re1 Qb4 27. Qd3 Qc3 28. Qe2 Nf4 29. Qa2 Nd3 30. Red1 Rbd8 31. Rab1 Rd7 32. Qa4 Rd6 1-0

[Event "January 9 Late 2024"]
[Site "https://www.chess.com"]
[Date "2024.01.09"]
[Round "5"]
[White "Martins, Bruno Andre Leite"]
[Black "Dourerassou, Jonathan"]
[Result "0-1"]
[Board "84"]
[TimeControl "180+1"]
[WhiteFideId "1942255"]
[BlackFideId "628050"]
[WhiteElo "2510"]
[BlackElo "2814"]
[WhiteTeam "POR"]
[BlackTeam "FRA"]
[WhiteClock "0:00:06"]
[BlackClock "0:01:33"]

1. e4 c5 2. Nf3 Nc6 3. d4 cxd4 4. Nxd4 Nf6 5. Nc3 d6 6. Bg5 Bd7 7. Qd2 Rc8 8. O-O-O Nxd4 9. Qxd4 Qa5 10. f4 h6 11. Bh4 g5 12. fxg5 hxg5 13. Bg3 Bg7 14. Kb1 Nh5 15. Qe3 Nxg3 16. Qxg3 Rxc3 17. bxc3 Bxc3 18. Rd3 Qb4+ 19. Kc1 Qb2+ 20. Kd1 Qb1+ 21. Ke2 Qxc2+ 22. Ke3 Be5 23. Qe1 Bg4 24. g3 Qc5+ 25. Kd2 Qb4+ 0-1

[Event "January 9 Late 2024"]
[Site "https://www.chess.com"]
[Date "2024.01.10"]
[Round "5"]
[White "Stopa, Jacek"]
[Black "Silva, Caio Henrique Angelico"]
[Result "1/2-1/2"]
[Board "85"]
[TimeControl "180+1"]
[WhiteFideId "1119591"]
[BlackFideId "22777210"]
[WhiteElo "2785"]
[BlackElo "2509"]
[WhiteTeam "POL"]
[BlackTeam "BRA"]
[WhiteClock "0:01:09"]
[BlackClock "0:00:47"]

1. d4 Nf6 2. c4 g6 3. Nc3 d5 4. Bg5 Bg7 5. Bxf6 Bxf6 6. cxd5 O-O 7. Nf3 c5 8. dxc6 Nxc6 9. e3 e5 10. dxe5 Nxe5 11. Be2 Nxf3+ 12. Bxf3 Qb6 13. Qb3 Be6 14. Qxb6 axb6 15. O-O Bxc3 16. bxc3 Ra3 17. Rab1 Rxc3 18. Rxb6 Bxa2 19. Rxb7 Rfc8 20. g3 Be6 21. Rb2 Rc1 22. Rxc1 Rxc1+ 23. Kg2 Kg7 24. h4 Rc7 25. g4 Ra7 26. Kg3 Rd7 27. Kf4 Rc7 28. h5 Rc4+ 29. Kg3 Rc7 30. Rb4 Rd7 31. Rf4 Rc7 32. Rd4 Ra7 33. Bd1 Ra1 34. Bf3 Rg1+ 35. Kh2 Ra1 36. Kg2 Ra7 37. Rb4 Rd7 38. Rb5 Rc7 39. g5 gxh5 40. Bxh5 h6 41. Bf3 hxg5 42. Rxg5+ Kf6 43. Ra5 Rc8 44. Kg3 Rg8+ 45. Kf4 Rb8 46. Ra6 Rb4+ 47. Kg3 Rb2 48. Bg2 Kg7 49. f4 Rb3 50. Kf2 Rb2+ 51. Kg1 Re2 52. Ra3 Kf6 53. Kf1 Rb2 54. Bf3 Kg7 55. Bd1 Rd2 56. Ke1 Rh2 57. Ra5 Rh1+ 58. Kd2 Rh2+ 59. Kc3 Rh3 60. Kd4 Rh1 61. Bf3 Rb1 62. f5 Rb4+ 63. Kc3 Rb3+ 64. Kd2 Bd7 65. Bd1 Rb5 66. Rxb5 Bxb5 67. e4 Kf6 68. Ke3 Ke5 69. Bb3 f6 70. Bd5 Ba4 71. Bb7 Bc2 72. Ba8 Bb1 73. Bb7 Bc2 74. Ba8 Bb1 75. Bb7 Bc2 1/2-1/2